AoeStats
← sales96

Oasis

509914922Analyzed
2v2 RM · 5d ago on Sep 28, 2026· 22m 54s· 4 players
Game mode
Random Map
Map size
Medium (4 player)
Population
200
Speed
Normal
Resources
Standard
Victory
Conquest
Starting age
Dark Age
Ending age
Imperial Age
RankedLock teamsTeams togetherTeam positionsShared explorationLock speedFull tech treeHidden civsTurbo modeCheats
Victory
Defeat
🇦🇷 Saracens · Argentina
1570
+16
🇦🇷 Bohemians · Argentina
1489
+18
🇨🇿 Burgundians · Czechia
1557
-17
🇨🇿 Saxons · Czechia
1556
-17
sales96
7:05 Loom
9:35 Feudal Age
11:03 Double-Bit Axe
16:34 Fletching
16:59 Horse Collar
20:00 Padded Archer Armor
20:35 Town Watch
23:27 Castle Age
pela
3:49 Loom
10:27 Feudal Age
16:02 Castle Age
17:15 Double-Bit Axe
19:06 Bow Saw
xberny
5:03 Double-Bit Axe
6:06 Loom
9:34 Feudal Age
12:33 Bow Saw
15:53 Horse Collar
18:45 Castle Age
16:53 Heavy Plow
18:41 Scale Barding Armor
18:31 Gold Mining
19:58 Chain Barding Armor
GoPlayTetris
6:34 Loom
7:44 Loom
10:22 Feudal Age
10:29 Man-at-Arms
13:14 Double-Bit Axe
19:05 Castle Age
17:49 Horse Collar
Connection lost

Rejoining the realm…

Still unreachable

The connection could not be restored.

Session expired

The server has moved on; the page needs a fresh start.